 Dungeon Crawl Stone Soup version 0.21-a0-150-gc243083 (console) character file.

15 yesno the Sneak (level 2, 1/22 HPs)
             Began as a Vampire Wanderer on July 24, 2017.
             Quit the game on level 2 of the Dungeon on July 28, 2017.
             The game lasted 00:07:06 (597 turns).

yesno the Sneak (Vampire Wanderer)                   Turns: 597, Time: 00:07:06

Health: 1/22       AC:  2    Str:  5 (8)  XL:     2   Next: 34%
Magic:  3/3        EV: 11    Int: 12 (14) God:
Gold:   69         SH:  0    Dex: 14 (16) Spells: 3/3 levels left

rFire    . . .     SeeInvis +   f - +0 dagger
rCold    . . .     Gourm    .   (no shield)
rNeg     + . .     Faith    .   e - +0 robe
rPois    .         Spirit   .   (no helmet)
rElec    .         Reflect  .   (no cloak)
rCorr    .         Harm     .   (no gloves)
MR       .....                  (no boots)
Stlth    +++.......             (no amulet)
HPRegen  0.07/turn              (no ring)
MPRegen  0.08/turn              (no ring)

@: lethally poisoned (1 -> -37), very slightly contaminated, invisible
A: fangs 3, see invisible, unbreathing
a: no special abilities


You were on level 2 of the Dungeon.
You were not thirsty.

You visited 1 branch of the dungeon, and saw 2 of its levels.

You collected 69 gold pieces.

Inventory:

Hand Weapons
 b - a +2 blowgun
 c - a +0 mace
 f - a +0 dagger (weapon)
Missiles
 a - 4 curare-tipped needles
Armour
 e - a +0 robe (worn)
Jewellery
 i - a cursed ring of teleportation {unknown}
Scrolls
 j - a scroll of teleportation {unknown}
 k - a scroll of remove curse {unknown}
 l - a scroll of identify {unknown}
Potions
 g - 4 potions of blood


   Skills:
 - Level 1.7 Fighting
 - Level 2.4 Maces & Flails
   Level 1.0 Polearms
 - Level 1.0 Throwing
 + Level 5.1 Stealth
 + Level 1.1 Spellcasting


You had 3 spell levels left.
You didn't know any spells.

Dungeon Overview and Level Annotations

Branches:
Dungeon (2/15)

Altars:


Innate Abilities, Weirdness & Mutations

You have razor-sharp teeth.
You have supernaturally acute eyesight. (SInv)
You can survive without breathing.


Message History

You take 7 damage, and have 7/22 hp.
MASSIVE DAMAGE!!
It was a potion of invisibility.
You fade into invisibility!
* * * LOW HITPOINT WARNING * * *
You feel sick. The goblin barely misses you.
You are very lightly contaminated with residual magic.
You take 2 damage, and have 5/22 hp.
It was a potion of degeneration.
There was something very wrong with that liquid.
You feel weakened.
You feel dopey.
You feel clumsy.
* * * LOW HITPOINT WARNING * * *
You feel very sick. The goblin hits you but does no damage.
You are more poisoned.
You take 3 damage, and have 2/22 hp.
It was a potion of magic.
Magic courses through your body.
* * * LOW HITPOINT WARNING * * *
You feel sick. The goblin completely misses you.
You take 1 damage, and have 1/22 hp.
Are you sure you want to abandon this character and quit the game? (Confirm with "yes".)

▒∙∙∙∙∙∙∙∙∙∙▒ ▒∙∙∙∙∙∙∙∙∙∙▒
▒∙∙∙∙∙∙∙∙∙∙▒ ▒▒▒▒
▒▒∙∙∙∙∙∙∙∙∙▒▒▒∙%▒▒
▒▒∙∙∙∙∙∙∙∙∙∙▒▒∙∙∙▒▒▒
▒∙∙∙∙∙∙∙∙∙∙∙∙∙∙∙∙∙∙▒▒
▒∙∙∙∙∙∙∙∙∙∙▒▒∙∙∙∙∙∙∙▒▒▒▒
▒∙∙∙∙∙∙∙∙∙∙▒▒▒∙∙∙▒∙∙∙∙?▒
▒∙∙∙∙∙∙∙∙∙∙∙@g∙∙∙∙∙∙∙∙▒▒
▒∙∙∙∙∙∙∙∙∙∙∙▒▒∙▒∙∙∙∙∙∙∙∙∙∙
▒▒<∙∙∙∙∙∙∙∙▒▒▒∙▒g∙∙∙∙∙∙∙∙<
▒▒∙∙∙∙∙∙∙∙▒ ▒∙▒∙∙$<∙∙∙∙∙∙
▒▒∙∙∙▒▒▒▒▒ ∙∙▒∙∙∙∙∙∙∙∙∙∙
∙∙∙▒▒ ▒▒∙∙∙∙∙∙∙∙∙∙∙


∙∙∙∙∙ [∙∙∙∙∙∙∙∙∙∙∙ ∙∙▒▒▒▒ ∙▒∙∙∙∙∙▒ ▒▒ ∙▒ You could see a goblin.

Vanquished Creatures
  A dart slug (D:1)
  4 bats
  A giant cockroach (D:1)
  2 goblins
  A hobgoblin (D:1)
  3 kobolds
  A rat (D:1)
13 creatures vanquished.

Notes
Turn   | Place    | Note
-------+----------+-------------------------------------------
     0 | D:1      | yesno the Vampire Wanderer began the quest for the Orb.
     0 | D:1      | yesno set off with: 4 curare-tipped needles, a +2 blowgun, a +0 mace, a potion of lignification, a +0 robe, a +0 dagger, a potion of blood
     0 | D:1      | Reached XP level 1. HP: 16/16 MP: 1/1
   234 | D:1      | Upgraded the game from 0.21-a0-142-gdd972a7 to 0.21-a0-150-gc243083
   316 | D:1      | Reached skill level 5 in Stealth
   316 | D:1      | Reached skill level 1 in Spellcasting
   316 | D:1      | Reached XP level 2. HP: 13/22 MP: 3/3
   596 | D:2      | HP: 1/22 [poisoned by a goblin]
   597 | D:2      | Quit the game

Vault maps used:
D:1:      lemuel_arrival_rhombus
D:2:      nrook_mini_vaults, uniq_natasha, uniq_sigmund

Skill      XL: |  1 |
---------------+----+-----
Stealth        | 5 |  5.1
Spellcasting   | 1 |  1.1
Fighting       | |  1.7
Maces & Flails | |  2.4
Polearms       | |  1.0
Throwing       | |  1.0

Action                   || total
-------------------------++-------
Melee: Dagger            ||    54
       Bite              ||     5
 Fire: Blowgun           ||     1
  Use: Potion            ||     4
 Stab: Sleeping          ||     5
Armor: Robe              ||     7
       Skin              ||     4
Dodge: Dodged            ||    25
